 Seeded DCSS version 0.29.1-15-g9cfb28693d (webtiles) character file.

Game seed: 6320845443627075161 (custom seed)

1380 bmack86 the Chopper (level 8, 0/67 (70) HPs)
             Began as a Minotaur Fighter on Mar 2, 2023.
             Slain by a wight
             ... wielding a +0 halberd
              (8 damage)
             ... on level 6 of the Dungeon.
             The game lasted 00:09:46 (4731 turns).

bmack86 the Chopper (Minotaur Fighter)              Turns: 4731, Time: 00:09:47

HP:   0/67 (70)     AC: 18    Str: 23    XL:     8   Next: 39%
MP:   7/7           EV:  6    Int:  2    God:
Gold: 307           SH:  6    Dex: 18    Spells: 7/7 levels left

rFire   + . .      SeeInvis .   a - +1 war axe (venom)
rCold   + + .      Faith    .   c - +0 buckler
rNeg    . . .      Spirit   .   i - +0 plate armour
rPois   +          Reflect  .   n - +1 hat {Stlth+}
rElec   +          Harm     .   u - +1 cloak {rPois}
rCorr   .          Rampage  .   B - +0 pair of gloves
Will    .....                   I - +0 pair of boots
Stlth   ..........              (no amulet)
HPRegen 0.21/turn               p - ring "Bozuzef" {rElec rF- rC+ Dex+8 Stlth-}
MPRegen 0.10/turn               w - ring of Pecoreet {Fly rF++ rC+ Int-3}

@: flying, lightly drained
A: horns 2, retaliatory headbutt
a: no special abilities


You were on level 6 of the Dungeon.
You visited 1 branch of the dungeon, and saw 6 of its levels.

You collected 307 gold pieces.

Inventory:

Hand Weapons
 a - a +1 war axe of venom (weapon)
Missiles
 h - 17 poisoned darts (quivered)
 r - 3 boomerangs
Armour
 b - a +0 scale mail
 c - a +0 buckler (worn)
 i - a +0 plate armour (worn)
 n - a +1 hat of stealth (worn)
 u - a +1 cloak of poison resistance (worn)
 B - a +0 pair of gloves (worn)
 I - a +0 pair of boots (worn)
Jewellery
 p - the ring "Bozuzef" (left hand) {rElec rF- rC+ Dex+8 Stlth-}
   (You acquired it on level 2 of the Dungeon)

   [ring of protection from cold]

   Dex:       It affects your dexterity (+8).
   rF:        It makes you vulnerable to fire.
   rC:        It protects you from cold.
   rElec:     It insulates you from electricity.
   Stlth:     It makes you less stealthy.
 s - a ring of magical power
 w - the ring of Pecoreet (right hand) {Fly rF++ rC+ Int-3}
   (You acquired it on level 4 of the Dungeon)

   [ring of flight]

   Int:       It affects your intelligence (-3).
   rF:        It greatly protects you from fire.
   rC:        It protects you from cold.
   Fly:       It grants you flight.
 C - a +6 ring of dexterity
 H - a ring of willpower
Wands
 q - a wand of flame (13)
 z - a wand of mindburst (8)
 E - a wand of digging (5)
Scrolls
 e - 4 scrolls of teleportation {unknown}
 j - 2 scrolls of magic mapping {unknown}
 m - 2 scrolls of vulnerability {unknown}
 t - 2 scrolls of blinking {unknown}
 v - 2 scrolls of amnesia {unknown}
 y - a scroll of noise {unknown}
 D - a scroll of silence {unknown}
 G - a scroll of poison {unknown}
Potions
 d - 3 potions of might
 f - 7 potions of curing
 g - 2 potions of haste {unknown}
 k - a potion of resistance
 l - 3 potions of brilliance
 o - 3 potions of flight
 x - a potion of degeneration {unknown}
 A - 2 potions of lignification {unknown}


   Skills:
 + Level 6.1 Fighting
 * Level 7.6 Axes
 + Level 3.8 Throwing
 + Level 6.2 Armour
 + Level 6.2 Shields


You had 7 spell levels left.
You didn't know any spells.
Your spell library contained the following spells:

 Spells                   Type           Power      Damage    Failure   Level
 Freeze                   Ice            0%         1d3       100%        1
 Frozen Ramparts          Ice            0%         1d1       100%        3
 Hailstorm                Conj/Ice       0%         3d3       100%        4


Dungeon Overview and Level Annotations

Branches:
Dungeon (6/15)
 Temple: D:4-7

Altars:
Elyvilon
Hepliaklqana
Ru
Uskayaw
Wu Jian
Xom

Shops:
D:2 :


Innate Abilities, Weirdness & Mutations

You have a pair of horns on your head.
You reflexively headbutt those who attack you in melee.


Message History

The wight closely misses you.
You slash the wight!
You destroy the wight!
The wight hits you from afar with a +0 halberd.
You block the wight's attack.
Items here: )) [[.
The wight hits you but does no damage.
Things that are here:
a +4 dagger; a +0 robe The wight hits you but does no damage.
The wight hits you with a +0 halberd.
* * * LOW HITPOINT WARNING * * *
You feel drained.
* * * LOW HITPOINT WARNING * * *
You hit the wight. Your headbutt misses the wight.
The wight is lightly damaged.
The wight hits you with a +0 halberd!
* * * LOW HITPOINT WARNING * * *
You feel drained.
* * * LOW HITPOINT WARNING * * *
You closely miss the wight.
The wight is lightly damaged.
The wight barely misses you.
You hit the wight.
The wight is moderately damaged.
The wight barely misses you.
You hit the wight but do no damage.
The wight is moderately damaged.
You block the wight's attack.
You closely miss the wight.
The wight is moderately damaged.
The wight barely misses you.
You hit the wight.
The wight is severely damaged.
The wight barely misses you. You furiously retaliate!
You headbutt the wight. The wight hits you but does no damage.
You hit the wight but do no damage. Your headbutt misses the wight.
The wight is almost destroyed.
The wight hits you with a +0 halberd!
You die...

............. ###
............# ##..##
............## #....##
.............###.....##
#............#.......##
#........##..........#
#.....................
#....))...#..........
##..@)...............
#..z###+###......)..
......#.....#......)).
....#.#.#..$..#......)..
..###...#.$_..#.........
# #.#.#$..$.#...<.....
#...#.....#.........
#.#.#######.........
.........##.....


You could see a wight.

Vanquished Creatures
  Edmund (D:5)
  A sky beast (D:6)
  An ice beast (D:5)
  A black bear (D:5)
  An ogre (D:5)
  A kobold brigand (D:6)
  A bullfrog (D:5)
  A necrophage (D:4)
  A scorpion (D:5)
  4 wights (D:6)
  A howler monkey (D:4)
  2 hounds
  3 orc priests
  Crazy Yiuf (D:3)
  Ijyb (D:4)
  An iguana (D:5)
  2 orc wizards (D:3)
  5 adders
  A worm (D:4)
  5 dart slugs
  13 orcs
  7 ball pythons
  2 endoplasms (D:4)
  A giant cockroach (D:4)
  7 goblins
  3 hobgoblins
  3 quokkas
  5 bats
  A frilled lizard (D:3)
  8 kobolds
  2 rats
87 creatures vanquished.

Notes
Turn   | Place    | Note
-------+----------+-------------------------------------------
     0 | D:1      | bmack86 the Minotaur Fighter began the quest for the Orb.
     0 | D:1      | Reached XP level 1. HP: 19/19 MP: 0/0
   635 | D:2      | Found Weil's Book Boutique.
   669 | D:2      | Found a faded altar of an unknown god.
   702 | D:2      | Reached XP level 2. HP: 24/27 MP: 1/1
   777 | D:2      | Identified a scroll of acquirement
   777 | D:2      | Acquired the ring "Bozuzef" {rElec rF- rC+ Dex+8 Stlth-}
   982 | D:2      | Reached skill level 3 in Axes
  1444 | D:3      | Reached XP level 3. HP: 33/33 MP: 2/2
  1574 | D:3      | Found an ornate altar of the Wu Jian Council.
  1580 | D:3      | Noticed a spectral centipede
  1580 | D:3      | Noticed a spectral black mamba
  1580 | D:3      | Noticed a spectral scorpion
  1580 | D:3      | Noticed a spectral cane toad
  1637 | D:3      | Reached skill level 1 in Throwing
  1641 | D:3      | Reached XP level 4. HP: 17/40 MP: 3/3
  2004 | D:3      | Reached skill level 4 in Axes
  2174 | D:3      | Found a runed translucent door.
  2175 | D:3      | Noticed Crazy Yiuf
  2181 | D:3      | Killed Crazy Yiuf
  2182 | D:3      | Reached XP level 5. HP: 28/47 MP: 0/4
  2556 | D:4      | Noticed Ijyb
  2562 | D:4      | Killed Ijyb
  2599 | D:4      | Acquired the ring of Pecoreet {Fly rF++ rC+ Int-3}
  2684 | D:4      | Reached XP level 6. HP: 11/53 MP: 5/5
  3025 | D:4      | Reached skill level 5 in Axes
  3097 | D:4      | Found a sacrificial altar of Ru.
  3618 | D:4      | Found a white marble altar of Elyvilon.
  3633 | D:4      | Found a shimmering altar of Xom.
  3635 | D:4      | Found a hazy altar of Hepliaklqana.
  3636 | D:4      | Noticed a spectral ugly thing
  3744 | D:5      | Entered Level 5 of the Dungeon
  3777 | D:5      | Reached skill level 5 in Shields
  3790 | D:5      | Reached skill level 5 in Fighting
  3844 | D:5      | Noticed Edmund
  3847 | D:5      | Reached skill level 5 in Armour
  3859 | D:5      | Killed Edmund
  3860 | D:5      | Reached XP level 7. HP: 26/61 MP: 6/6
  4141 | D:5      | Reached skill level 6 in Axes
  4549 | D:5      | Reached XP level 8. HP: 62/70 MP: 7/7
  4654 | D:6      | Reached skill level 7 in Axes
  4658 | D:6      | Found a hide-covered altar of Uskayaw.
  4731 | D:6      | Slain by a wight

Illustrated notes

Levels and vault maps discovered:
D:1:      dpeg_arrival_lava_temple_mockup, layout_basic
D:2:      layout_loops_ring, shapermc_ecumenical_altar_starsandcircs,
          serial_shops, nicolae_shop_window_shopping
D:3:      layout_loops_ring, pdpol_wu_jian_five_deadly_venoms, corexii_shack,
          uniq_crazy_yiuf_cottage
D:4:      layout_basic, regret_index_temple_of_mockery, hangedman_ru_absence,
          lemuel_tele_altar, uniq_ijyb
D:5:      layout_loops_cross, uniq_edmund
D:6:      layout_cave_pods, amcnicky_altar_gilded

Skill      XL: |  1  2  3  4  5  6  7  8 |
---------------+-------------------------+-----
Axes           | 3 4 5 6 7 |  7.6
Fighting       | 4 5 6 |  6.1
Shields        | 4 5 6 |  6.2
Throwing       | 1 2 3 |  3.8
Armour         | 4 5 6 |  6.2

Action                   |  1- 3 |  4- 6 |  7- 9 || total
-------------------------+-------+-------+-------++-------
Melee: War axe           |    41 |    98 |    55 ||   194
       Headbutt          |     4 |    21 |     9 ||    34
Throw: Dart              |       |    11 |    14 ||    25
  Use: Scroll            |     4 |     2 |     2 ||     8
Armor: Plate armour      |    31 |    43 |    35 ||   109
       Scale mail        |     2 |       |       ||     2
Dodge: Dodged            |    15 |    21 |    31 ||    67
Block: Buckler           |     8 |    27 |    23 ||    58
